[ AOE2 MATCH · #479837330 ]
UnrankedBohemians vs Muisca
[ REPLAY ANALYSIS · EXTRACTED FROM THE RECORDED GAME ]
Feudal
—
Castle
—
Imperial
—
| APM avg | 1.2 |
| APM peak | 6 |
| eAPM avg | 0.8 |
| Villagers / military | 0 / 0 |
Focus
⚔️ 0.0% · 🌾 100.0%
Feudal
—
Castle
—
Imperial
—
| APM avg | 18.7 |
| APM peak | 33 |
| eAPM avg | 12.4 |
| Villagers / military | 21 / 0 |
Focus
⚔️ 13.1% · 🌾 86.9%
Feudal
—
Castle
—
Imperial
—
| APM avg | 37.4 |
| APM peak | 63 |
| eAPM avg | 17.2 |
| Villagers / military | 28 / 0 |
Focus
⚔️ 17.6% · 🌾 82.4%
Feudal
—
Castle
—
Imperial
—
| APM avg | 26.3 |
| APM peak | 35 |
| eAPM avg | 12.9 |
| Villagers / military | 21 / 0 |
Focus
⚔️ 12.1% · 🌾 87.9%
Feudal
—
Castle
—
Imperial
—
| APM avg | 51.6 |
| APM peak | 84 |
| eAPM avg | 16.5 |
| Villagers / military | 22 / 0 |
Focus
⚔️ 31.0% · 🌾 69.0%
Feudal
—
Castle
—
Imperial
—
| APM avg | 33.1 |
| APM peak | 45 |
| eAPM avg | 12.2 |
| Villagers / military | 13 / 0 |
Focus
⚔️ 10.1% · 🌾 89.9%
Feudal
—
Castle
—
Imperial
—
| APM avg | 34.9 |
| APM peak | 48 |
| eAPM avg | 19.0 |
| Villagers / military | 31 / 0 |
Focus
⚔️ 14.1% · 🌾 85.9%
Feudal
—
Castle
—
Imperial
—
| APM avg | 42.0 |
| APM peak | 70 |
| eAPM avg | 19.3 |
| Villagers / military | 26 / 0 |
Focus
⚔️ 25.6% · 🌾 74.4%
Match map
Initial resources + every placement click. Lines = walls · curves = elevation contours. ◆ gold · ⬟ stone · ● berries · ✦ relic · ◌ wall gap
Your base
TrickyMicky90's base
Riut's base
polom.s1989's base
Overcat's base
LowEloTG's base
bullseyes's base
Ceeelebrate's base
Smoothed initial terrain · ◌ = detected wall gap · hover for details
Inputs per minute
— BeefBro - - TrickyMicky90
Build order — BeefBro
0 actions detected in the replay
Build order — TrickyMicky90
25 actions detected in the replay
| 0:01 | Queue | Villager (Male) |
| 0:02 | Queue | Villager (Male) |
| 0:02 | Queue | Villager (Male) |
| 0:02 | Queue | Villager (Male) |
| 0:03 | Build | House |
| 0:05 | Build | House |
| 1:34 | Queue | Villager (Male) |
| 1:35 | Queue | Villager (Male) |
| 1:56 | Queue | Villager (Male) |
| 1:57 | Queue | Villager (Male) |
| 2:12 | Build | Settlement |
| 2:24 | Queue | Villager (Male) |
| 2:25 | Queue | Villager (Male) |
| 3:08 | Queue | Villager (Male) |
| 3:08 | Queue | Villager (Male) |
| 3:09 | Queue | Villager (Male) |
| 3:38 | Queue | Villager (Male) |
| 3:38 | Queue | Villager (Male) |
| 4:17 | Queue | Villager (Male) |
| 4:55 | Queue | Villager (Male) |
| 4:55 | Queue | Villager (Male) |
| 4:55 | Queue | Villager (Male) |
| 4:56 | Queue | Villager (Male) |
| 5:25 | Build | Settlement |
| 5:51 | Queue | Villager (Male) |
Build order — Riut
37 actions detected in the replay
| 0:02 | Queue | Villager (Male) |
| 0:03 | Research | Loom |
| 0:03 | Queue | Villager (Male) |
| 0:04 | Build | House |
| 0:05 | Build | House |
| 0:30 | Queue | Villager (Male) |
| 0:30 | Queue | Villager (Male) |
| 0:30 | Queue | Villager (Male) |
| 0:30 | Queue | Villager (Male) |
| 0:57 | Build | Palisade Wall |
| 1:55 | Queue | Villager (Male) |
| 1:55 | Queue | Villager (Male) |
| 2:13 | Build | Palisade Wall |
| 2:27 | Queue | Villager (Male) |
| 2:27 | Queue | Villager (Male) |
| 2:28 | Queue | Villager (Male) |
| 2:50 | Queue | Villager (Male) |
| 2:50 | Queue | Villager (Male) |
| 3:12 | Build | Lumber Camp |
| 3:17 | Queue | Villager (Male) |
| 3:17 | Queue | Villager (Male) |
| 3:39 | Queue | Villager (Male) |
| 3:39 | Queue | Villager (Male) |
| 3:57 | Queue | Villager (Male) |
| 3:57 | Queue | Villager (Male) |
| 3:58 | Queue | Villager (Male) |
| 3:59 | Queue | Villager (Male) |
| 4:34 | Queue | Villager (Male) |
| 4:34 | Queue | Villager (Male) |
| 4:35 | Queue | Villager (Male) |
| 4:41 | Build | House |
| 4:59 | Queue | Villager (Male) |
| 4:59 | Queue | Villager (Male) |
| 4:59 | Queue | Villager (Male) |
| 5:38 | Queue | Villager (Male) |
| 5:57 | Build | House |
| 6:00 | Build | House |
Build order — polom.s1989
25 actions detected in the replay
| 0:02 | Queue | Villager (Male) ×4 |
| 0:02 | Research | Loom |
| 0:04 | Build | House |
| 0:06 | Build | House |
| 1:21 | Queue | Villager (Male) |
| 1:21 | Queue | Villager (Male) |
| 1:36 | Queue | Villager (Male) |
| 1:36 | Queue | Villager (Male) |
| 2:12 | Queue | Villager (Male) |
| 2:12 | Queue | Villager (Male) |
| 2:16 | Queue | Villager (Male) |
| 2:16 | Queue | Villager (Male) |
| 3:00 | Build | Lumber Camp |
| 3:04 | Queue | Villager (Male) |
| 3:04 | Queue | Villager (Male) |
| 3:05 | Queue | Villager (Male) |
| 3:23 | Queue | Villager (Male) |
| 4:04 | Build | House |
| 4:22 | Research | Loom |
| 4:28 | Queue | Villager (Male) |
| 4:28 | Queue | Villager (Male) |
| 4:58 | Build | House |
| 5:05 | Queue | Villager (Male) |
| 5:05 | Queue | Villager (Male) |
| 5:15 | Queue | Villager (Male) |
Build order — Overcat
28 actions detected in the replay
| 0:01 | Queue | Villager (Male) |
| 0:02 | Build | House |
| 0:03 | Build | House |
| 0:07 | Queue | Villager (Male) |
| 0:08 | Queue | Villager (Male) |
| 0:08 | Queue | Villager (Male) |
| 1:18 | Queue | Villager (Male) |
| 1:46 | Build | Lumber Camp |
| 1:53 | Queue | Villager (Male) |
| 2:05 | Queue | Villager (Male) |
| 2:33 | Queue | Villager (Male) |
| 3:09 | Queue | Villager (Male) |
| 3:09 | Queue | Villager (Male) |
| 3:34 | Build | House |
| 3:50 | Queue | Villager (Male) |
| 3:50 | Queue | Villager (Male) |
| 4:12 | Queue | Villager (Male) |
| 4:12 | Queue | Villager (Male) |
| 4:13 | Queue | Villager (Male) |
| 4:13 | Queue | Villager (Male) |
| 4:39 | Queue | Villager (Male) |
| 4:54 | Build | Mill |
| 5:02 | Queue | Villager (Male) |
| 5:02 | Queue | Villager (Male) |
| 5:02 | Queue | Villager (Male) |
| 5:35 | Build | House |
| 5:43 | Queue | Villager (Male) |
| 5:44 | Queue | Villager (Male) |
Build order — LowEloTG
18 actions detected in the replay
| 0:01 | Queue | Villager (Male) |
| 0:02 | Queue | Villager (Male) |
| 0:03 | Build | House |
| 0:04 | Queue | Villager (Male) |
| 0:05 | Build | House |
| 0:06 | Queue | Villager (Male) |
| 1:47 | Queue | Villager (Male) |
| 1:58 | Queue | Villager (Male) |
| 2:28 | Queue | Villager (Male) |
| 3:06 | Queue | Villager (Male) |
| 3:06 | Queue | Villager (Male) |
| 3:49 | Queue | Villager (Male) |
| 4:18 | Queue | Villager (Male) |
| 4:28 | Build | House |
| 4:44 | Queue | Villager (Male) |
| 4:47 | Build | Mule Cart |
| 5:03 | Queue | Villager (Male) |
| 5:36 | Build | House |
Build order — bullseyes
44 actions detected in the replay
| 0:01 | Queue | Villager (Male) |
| 0:01 | Queue | Villager (Male) |
| 0:02 | Build | House |
| 0:04 | Build | House |
| 0:12 | Queue | Villager (Male) |
| 0:12 | Queue | Villager (Male) |
| 0:12 | Queue | Villager (Male) |
| 1:28 | Queue | Villager (Male) |
| 1:28 | Queue | Villager (Male) |
| 1:52 | Queue | Villager (Male) |
| 1:52 | Queue | Villager (Male) |
| 2:09 | Build | Lumber Camp |
| 2:22 | Queue | Villager (Male) |
| 2:23 | Queue | Villager (Male) |
| 2:32 | Queue | Villager (Male) |
| 2:55 | Queue | Villager (Male) |
| 2:55 | Queue | Villager (Male) |
| 3:24 | Queue | Villager (Male) |
| 3:24 | Queue | Villager (Male) |
| 3:26 | Build | House |
| 3:53 | Queue | Villager (Male) |
| 3:54 | Queue | Villager (Male) |
| 4:03 | Queue | Villager (Male) |
| 4:04 | Queue | Villager (Male) |
| 4:13 | Build | Palisade Wall |
| 4:15 | Build | Palisade Wall |
| 4:44 | Build | House |
| 4:53 | Build | Palisade Wall |
| 4:54 | Build | Palisade Wall |
| 4:55 | Build | Palisade Wall |
| 4:56 | Build | Palisade Wall |
| 5:02 | Queue | Villager (Male) |
| 5:02 | Queue | Villager (Male) |
| 5:02 | Queue | Villager (Male) |
| 5:08 | Build | Mill |
| 5:29 | Research | Loom |
| 5:30 | Queue | Villager (Male) |
| 5:30 | Queue | Villager (Male) |
| 5:30 | Queue | Villager (Male) |
| 5:39 | Queue | Villager (Male) |
| 5:39 | Queue | Villager (Male) |
| 5:39 | Queue | Villager (Male) |
| 5:57 | Queue | Villager (Male) |
| 5:57 | Queue | Villager (Male) |
Build order — Ceeelebrate
34 actions detected in the replay
| 0:01 | Queue | Villager (Male) |
| 0:01 | Queue | Villager (Male) |
| 0:02 | Queue | Villager (Male) |
| 0:03 | Build | House |
| 0:04 | Build | House |
| 0:12 | Research | Loom |
| 0:16 | Queue | Villager (Male) |
| 0:16 | Queue | Villager (Male) |
| 0:17 | Queue | Villager (Male) |
| 0:30 | Build | Palisade Wall |
| 1:24 | Build | Lumber Camp |
| 1:30 | Build | Lumber Camp |
| 1:51 | Queue | Villager (Male) |
| 1:51 | Queue | Villager (Male) |
| 2:23 | Queue | Villager (Male) |
| 2:24 | Queue | Villager (Male) |
| 3:01 | Build | Palisade Gate |
| 3:06 | Queue | Villager (Male) |
| 3:06 | Queue | Villager (Male) |
| 3:26 | Queue | Villager (Male) |
| 3:27 | Queue | Villager (Male) |
| 3:43 | Queue | Villager (Male) |
| 3:43 | Queue | Villager (Male) |
| 4:07 | Build | House |
| 4:14 | Queue | Villager (Male) |
| 4:15 | Queue | Villager (Male) |
| 4:38 | Queue | Villager (Male) |
| 4:38 | Queue | Villager (Male) |
| 4:44 | Queue | Villager (Male) |
| 5:23 | Queue | Villager (Male) |
| 5:23 | Queue | Villager (Male) |
| 5:28 | Queue | Villager (Male) |
| 5:28 | Queue | Villager (Male) |
| 5:44 | Queue | Villager (Male) |
Match timeline
| 0:30 | Ceeelebrate · wall_segment Palisade Wall x11 |
| 0:57 | Riut · wall_segment Palisade Wall x8 |
| 2:13 | Riut · wall_segment Palisade Wall x6 |
| 4:13 | bullseyes · wall_segment Palisade Wall x2 |
| 4:15 | bullseyes · wall_segment Palisade Wall x1 |
| 4:53 | bullseyes · wall_segment Palisade Wall x1 |
| 4:54 | bullseyes · wall_segment Palisade Wall x1 |
| 4:55 | bullseyes · wall_segment Palisade Wall x1 |
| 4:56 | bullseyes · wall_segment Palisade Wall x2 |
| 5:14 | BeefBro · resign |
[ AI ANALYSIS · 1 CREDIT ]
What really happened in this match?
Wolo.gg analyzes every decision: build order, eco, micro, common mistakes by bracket. Personalized analysis on WhatsApp or Discord in 30 seconds.
Civ guide
Bohemians
Perfil
Jugador #6131444